 Dungeon Crawl Stone Soup version 0.26.1-2-gb8aa6d0cf2 (webtiles) character file.

Game seed: 10802323794900490630

79 CrazyMind the Skirmisher (level 4, -8/37 HPs)
             Began as a Formicid Abyssal Knight on Mar 30, 2021.
             Was a Follower of Lugonu.
             Killed by nerve-wracking pain
             ... invoked by Grinder
              (13 damage)
             ... on level 3 of the Dungeon.
             The game lasted 00:08:19 (2075 turns).

CrazyMind the Skirmisher (Formicid Abyssal Knight)  Turns: 2075, Time: 00:08:20

Health: -8/37      AC: 12    Str: 17    XL:     4   Next: 62%
Magic:  5/5        EV:  5    Int: 12    God:    Lugonu [*.....]
Gold:   191        SH:  0    Dex: 10    Spells: 3/3 levels left

rFire    + . .     SeeInvis +   a - +1 mace
rCold    + . .     Faith    .   (no shield)
rNeg     . . .     Spirit   .   l - +1 plate armour
rPois    +         Reflect  .   (helmet unavailable)
rElec    +         Harm     .   (no cloak)
rCorr    +         Rampage  .   (no gloves)
Will     .....                  (no boots)
Stlth    ..........             (no amulet)
HPRegen  0.12/turn              (no ring)
MPRegen  0.09/turn              (no ring)

@: resistant, flying
A: permanent stasis, dig shafts and tunnels, four strong arms, antennae 3
a: Dig, Shaft Self, Renounce Religion, Depart the Abyss


You were on level 3 of the Dungeon.
You worshipped Lugonu.
Lugonu was aware of your devotion.
You visited 1 branch of the dungeon, and saw 3 of its levels.
You visited the Abyss 1 time.

You collected 191 gold pieces.

Inventory:

Hand Weapons
 a - a +1 mace (weapon)
Missiles
 e - 104 stones (quivered)
Armour
 l - a +1 plate armour (worn)
Scrolls
 i - 2 scrolls of blinking {unknown}
 j - a scroll of identify {unknown}
 k - a scroll of fear {unknown}
 m - a scroll of teleportation {unknown}


   Skills:
 + Level 4.1 Fighting
 + Level 2.9 Maces & Flails
 + Level 2.8 Armour
 + Level 1.5 Dodging
 + Level 2.4 Invocations


You had 3 spell levels left.
You didn't know any spells.
Your spell library contained the following spells:

 Spells                   Type           Power        Failure   Level
 Confusing Touch          Hex            0%           100%        3
 Gell's Gravitas          Tloc           0%           100%        3
 Petrify                  Tmut/Erth      0%           100%        4
 Metabolic Englaciation   Hex/Ice        0%           100%        5
 Yara's Violent Unravell  Hex/Tmut       0%           100%        5


Dungeon Overview and Level Annotations

Branches:
Dungeon (3/15)

Altars:
Elyvilon
Xom

Annotations:
D:3 Grinder


Innate Abilities, Weirdness & Mutations

You cannot be hasted, slowed, berserked, paralysed or teleported.
You can dig through walls and to a lower floor.
Your four strong arms can wield two-handed weapons with a shield.
You have a pair of large antennae on your head. (SInv)


Message History

You feel protected. Grinder hits you but does no damage.
The goblin hits you but does no damage.
It was a potion of haste.
Your stasis prevents you from being hasted.
Grinder hits you but does no damage. The goblin hits you but does no damage.
It was a potion of flight.
You feel very buoyant.
You fly up into the air.
Grinder gestures at you. You resist with significant effort.
The goblin hits you but does no damage.
It was a potion of curing.
You feel better. Grinder hits you!
* * * LOW HITPOINT WARNING * * *
You writhe in agony.
* * * LOW HITPOINT WARNING * * *
The goblin hits you but does no damage.
Grinder blinks!
There is an escape hatch in the floor here.
Grinder gestures at you. Pain shoots through your body!
You die...

.## ... #.# #.# #.#
#K## .# #.g# .#
##.###.# . #.@##.#
..# ##.##.# ..#
#######.5#.####..##
..................#
########..#.......#
##.#.......#
#.........#
##........#
###........#


You could see Grinder, a goblin and a kobold.

Vanquished Creatures
  An adder (D:2)
  2 oozes
  A worm (D:2)
  5 dart slugs
  4 leopard geckos
  2 giant cockroaches (D:1)
  5 goblins (D:1)
  4 hobgoblins
  5 kobolds
  A ball python (D:2)
  6 bats
  3 frilled lizards
  8 rats
47 creatures vanquished.

Notes
Turn   | Place    | Note
-------+----------+-------------------------------------------
     0 | Abyss:1  | CrazyMind the Formicid Abyssal Knight began the quest for
                  | the Orb.
     0 | Abyss:1  | Reached XP level 1. HP: 18/18 MP: 2/2
    26 | Abyss:1  | Noticed a wretched star
    27 | D:1      | Escaped the Abyss
   239 | D:1      | Reached skill level 1 in Dodging
   239 | D:1      | Reached XP level 2. HP: 18/24 MP: 3/3
   432 | D:1      | Reached * piety under Lugonu
   600 | D:1      | Reached XP level 3. HP: 30/30 MP: 4/4
   787 | D:1      | Reached skill level 4 in Fighting
  1550 | D:2      | Found a shimmering altar of Xom.
  1552 | D:2      | Found a shimmering altar of Xom.
  1552 | D:2      | Found a shimmering altar of Xom.
  1562 | D:2      | Found a shimmering altar of Xom.
  1562 | D:2      | Found a white marble altar of Elyvilon.
  1562 | D:2      | Found a white marble altar of Elyvilon.
  1649 | D:2      | Reached XP level 4. HP: 37/37 MP: 5/5
  1726 | D:2      | Found a faded altar of an unknown god.
  2056 | D:3      | Noticed Grinder
  2075 | D:3      | Killed from afar by Grinder

Illustrated notes

Levels and vault maps discovered:
D:1:      minmay_arrival_four_houses, layout_loops_ring
D:2:      layout_loops_ring, chequers_ecumenical_altar_simple_redux,
          doesnt_xom_only_xom
D:3:      layout_basic, uniq_grinder, uniq_natasha

Skill      XL: |  1  2  3 |
---------------+----------+-----
Dodging        | 1 |  1.5
Fighting       | 4 |  4.1
Maces & Flails | |  2.9
Armour         | |  2.8
Invocations    | |  2.4

Action                   |  1- 3 |  4- 6 || total
-------------------------+-------+-------++-------
Melee: Mace              |   123 |    35 ||   158
Throw: Stone             |       |     1 ||     1
Invok: Depart the Abyss  |     1 |       ||     1
  Use: Potion            |       |     4 ||     4
       Scroll            |       |     2 ||     2
Armor: Leather armour    |    18 |       ||    18
       Plate armour      |    20 |    24 ||    44
Dodge: Dodged            |    72 |    10 ||    82
